 Dungeon Crawl Stone Soup version 0.31-a0-690-g7ce4588941 (webtiles) character file.

Game seed: 16905199633659421114

9 Essalna the Conjurer (level 2, 19/19 HPs)
             Began as a Demonspawn Conjurer on Sept 6, 2023.
             Got out of the dungeon alive.
             The game lasted 00:01:14 (493 turns).

Essalna the Conjurer (Demonspawn Conjurer)           Turns: 493, Time: 00:01:14

Health: 19/19      AC:  2    Str:  7    XL:     2   Next: 6%
Magic:  5/5        EV: 12    Int: 19    God:
Gold:   14         SH:  0    Dex: 11    Spells: 4/5 levels left

rFire   . . .        f - +5 dagger
rCold   . . .        (no shield)
rNeg    . . .        a - +0 robe
rPois   .            (no helmet)
rElec   .            (no cloak)
rCorr   .            (no gloves)
SInv    .            (no boots)
Will    .....        (no amulet)
Stlth   ++           (no ring)
HPRegen 0.23/turn    (no ring)
MPRegen 0.09/turn

%: no passive effects
@: no status effects
A: weakness stinger 1
a: no special abilities


You escaped.
You visited 1 branch of the dungeon, and saw 1 of its levels.

You collected 14 gold pieces.

Inventory:

Hand Weapons
 f - a +5 dagger (weapon)
Armour
 a - a +0 robe (worn)
Scrolls
 g - 2 scrolls of teleportation
Potions
 b - a potion of magic
 c - a potion of lignification {unknown}


   Skills:
 - Level 1.7 Dodging
 - Level 1.7 Stealth
 + Level 2.3 Spellcasting
 + Level 4.2 Conjurations


You had 4 spell levels left.
You knew the following spells:

 Your Spells              Type           Power      Damage    Failure   Level
a - Magic Dart            Conj           72%        1d6       2%          1

Your spell library contained the following spells:

 Spells                   Type           Power      Damage    Failure   Level
 Searing Ray              Conj           36%        2d5       4%          2
 Freeze                   Ice            8%         1d3       16%         1
 Dazzling Flash           Conj/Hex       20%        N/A       21%         3
 Hailstorm                Conj/Ice       10%        3d5       21%         3
 Frozen Ramparts          Ice            4%         1d1       43%         3
 Fulminant Prism          Conj/Hex       5%         3d7       56%         4
 Iskenderun's Mystic Bla  Conj/Tloc      10%        2d4       56%         4


Dungeon Overview and Level Annotations

Branches:
Dungeon (1/15)

Altars:


Innate Abilities, Weirdness & Mutations

You have a small tail.


Message History

You kill the kobold!
You can't see any susceptible monsters within range! (Use Z to cast anyway.)
You can't see any susceptible monsters within range! (Use Z to cast anyway.)
Found a stone staircase leading down.
Found 7 stones.
You see here a +0 short sword.
A frilled lizard comes into view.
A frilled lizard is nearby!
A frilled lizard is nearby!
The magic dart hits the frilled lizard.
The frilled lizard is heavily wounded.
The frilled lizard hisses angrily.
The magic dart hits the frilled lizard.
You kill the frilled lizard!
A hobgoblin comes into view.
You have reached level 2!
Your demonic ancestry asserts itself...
You grow a small tail.
There is a stone staircase leading down here.
The hobgoblin misses you.
You hit the hobgoblin.
The hobgoblin is almost dead.
The hobgoblin barely misses you.
You hit the hobgoblin but do no damage.
The hobgoblin is almost dead.
The hobgoblin barely misses you.
You closely miss the hobgoblin.
The hobgoblin is almost dead.
The hobgoblin hits you.
You closely miss the hobgoblin. You tail-slap the hobgoblin.
You kill the hobgoblin!
No target in view!
No target in view!
Okay, then.
Unknown command.
Unknown command.
You see here 7 stones.
There is an open gate here.
There is a staircase leading out of the dungeon here.
You have escaped!

#.........###...>....##
#.#####'''#########.##
#.####8...8##.......#
#..##.......#########
####.........###
......8...8.....
................
♣...............
♣♣....8.@.8..♣♣♣
♣♣♣.......♣♣♣ ♣♣♣♣♣.♣♣♣
♣♣♣


There were no monsters in sight!

Vanquished Creatures
  A hobgoblin (D:1)
  A quokka (D:1)
  2 frilled lizards (D:1)
  3 goblins (D:1)
  2 kobolds (D:1)
  A rat (D:1)
10 creatures vanquished.

Notes
Turn   | Place    | Note
-------+----------+-------------------------------------------
     0 | D:1      | Essalna the Demonspawn Conjurer began the quest for the
                  | Orb.
     0 | D:1      | Reached XP level 1. HP: 13/13 MP: 3/3
   437 | D:1      | Gained mutation: You have a small tail. [demonic ancestry]
   437 | D:1      | Reached XP level 2. HP: 19/19 MP: 1/5
   493 | D:$      | Got out of the dungeon alive.

Illustrated notes

Levels and vault maps discovered:
D:1:      kennysheep_arrival_forest, layout_loops_ring

Action                     || total
---------------------------++-------
  Melee: Dagger            ||     5
         Tailslap          ||     1
   Cast: Magic Dart        ||    11
    Use: Scroll            ||     8
 Armour: Robe              ||     1
  Dodge: Dodged            ||     4

Table legend: (Time is in decaauts)
 A = Elapsed time spent in this place.
 B = Non-inter-level travel time spent in this place.
 C = Inter-level travel time spent in this place.
 D = Time resting spent in this place.
 E = Time spent auto-exploring this place.
 F = Levels seen in this place.
 G = Mean time per level.
                   A        B        C        D        E       F      G
               +--------+--------+--------+--------+--------+-----+--------+
         Total |    492 |    443 |     49 |      0 |    389 |   1 |  492.0 |
       Dungeon |    492 |    443 |     49 |      0 |    389 |   1 |  492.0 |
               +--------+--------+--------+--------+--------+-----+--------+

Top non-repeatable levels by time:
     D:1: 492 daAuts
